 Dungeon Crawl Stone Soup version 0.26-a0-1012-gedcf9b2963 (webtiles) character file.

Game seed: 4541994119576422772

26447 Morbidden the Destroyer (level 12, -1/92 HPs)
             Began as a Demonspawn Conjurer on Dec 7, 2020.
             Was an Elder of Vehumet.
             Slain by a fire crab (glowing shapeshifter) (14 damage)
             ... on level 13 of the Dungeon.
             The game lasted 00:43:02 (23411 turns).

Morbidden the Destroyer (Demonspawn Conjurer)      Turns: 23411, Time: 00:43:03

Health: -1/92      AC:  9    Str:  7    XL:     12   Next: 98%
Magic:  0/35       EV: 16    Int: 24    God:    Vehumet [****..]
Gold:   1358       SH:  0    Dex: 13    Spells: 15/32 levels left

rFire    . . .     SeeInvis .     - Unarmed
rCold    + . .     Faith    .   (no shield)
rNeg     . . .     Spirit   +   g - +2 robe {Archmagi}
rPois    .         Reflect  .   (helmet restricted)
rElec    .         Harm     .   y - +0 cloak {Will+}
rCorr    .         Rampage  .   (no gloves)
Will     +....                  (no boots)
Stlth    +++.......             r - amulet of guardian spirit
HPRegen  0.25/turn              s - +4 ring of protection
MPRegen  0.24/turn              x - ring of magical power

@: lethally poisoned (-1 -> -13), about to teleport, very slightly contaminated
A: claws 2, horns 2, talons 2, cold resistance 1, icemail, freezing cloud
immunity
a: Renounce Religion


You were on level 13 of the Dungeon.
You worshipped Vehumet.
Vehumet was greatly pleased with you.
You visited 2 branches of the dungeon, and saw 14 of its levels.
You also visited: Sewer, Ossuary and Bailey.

You collected 1358 gold pieces.

Inventory:

Missiles
 q - a curare-tipped dart
 C - 5 throwing nets (quivered)
Armour
 g - a +2 robe of the Archmagi (worn)
 y - a +0 cloak of willpower (worn)
Jewellery
 o - an uncursed ring of protection from fire
 r - an amulet of guardian spirit (around neck)
 s - a +4 ring of protection (left claw)
 x - a ring of magical power (right claw)
Wands
 d - a wand of paralysis (6)
 z - a wand of acid (2)
 F - a wand of random effects (10)
 G - a wand of iceblast (9)
Scrolls
 b - 8 scrolls of identify
 h - 12 scrolls of teleportation
 i - 11 scrolls of remove curse
 k - 4 scrolls of fog
 l - a scroll of vulnerability {unknown}
 u - 2 scrolls of amnesia
 v - 2 scrolls of enchant armour
 w - 2 scrolls of enchant weapon
 B - a scroll of magic mapping
 D - a scroll of noise {unknown}
Potions
 a - 5 potions of lignification
 c - 3 potions of heal wounds
 e - 5 potions of curing
 f - 4 potions of ambrosia
 j - 5 potions of invisibility
 m - 3 potions of brilliance {unknown}
 n - 3 potions of flight {unknown}
 p - a potion of might {unknown}
 t - a potion of attraction {unknown}
 A - a potion of magic {unknown}
Miscellaneous
 E - a phantom mirror


   Skills:
 * Level 7.9 Fighting
 + Level 1.3 Throwing
 * Level 7.7 Dodging
 + Level 4.6 Stealth
 + Level 6.3 Unarmed Combat
 * Level 10.5 Spellcasting
 * Level 11.6 Conjurations
 + Level 3.9 Translocations
 * Level 4.4 Earth Magic
 + Level 1.1 Evocations


You had 15 spell levels left.
You knew the following spells:

 Your Spells              Type           Power        Failure   Level
a - Iron Shot             Conj/Erth      ######....   8%          6
b - Searing Ray           Conj           ######       1%          2
c - Magic Dart            Conj           ####         1%          1
d - Sticky Flame          Conj/Fire      ######..     1%          4
z - Iskenderun's Mystic   Conj/Tloc      ######..     1%          4

Your spell library contained the following spells:

 Spells                   Type           Power        Failure   Level
 Blink                    Tloc           N/A          1%          2
 Conjure Flame            Conj/Fire      ######..     1%          3
 Dazzling Flash           Conj/Hex       ######       1%          3
 Mephitic Cloud           Conj/Pois/Air  #####...     1%          3
 Fulminant Prism          Conj/Hex       ######....   1%          4
 Iskenderun's Battlesphe  Conj           #######.     1%          5
 Gell's Gravitas          Tloc           #####.....   3%          3
 Lesser Beckoning         Tloc           #####.....   3%          3
 Teleport Other           Tloc           #####...     3%          3
 Summon Small Mammal      Summ           ###.         4%          1
 Bolt of Magma            Conj/Fire/Erth ######....   4%          5
 Call Imp                 Summ           ###.....     8%          2
 Poisonous Vapours        Pois/Air       ###...       8%          2
 Passage of Golubria      Tloc           N/A          10%         4
 Orb of Destruction       Conj           #######...   10%         7
 Call Canine Familiar     Summ           ###.....     16%         3
 Confusing Touch          Hex            ###.....     16%         3
 Summon Guardian Golem    Hex/Summ       ###.....     16%         3
 Petrify                  Tmut/Erth      ####....     21%         4
 Yara's Violent Unravell  Hex/Tmut       ###.......   32%         5
 Freezing Cloud           Conj/Ice/Air   #####.....   36%         6
 Summon Ice Beast         Ice/Summ       ###.....     45%         4
 Summon Lightning Spire   Summ/Air       ###.....     45%         4
 Spellforged Servitor     Conj/Summ      ######....   65%         7
 Metabolic Englaciation   Hex/Ice        ###.......   80%         5


Dungeon Overview and Level Annotations

Branches:
Dungeon (13/15)            Temple (1/1) D:6            Lair (0/6) D:10
    Orc (0/2) D:10         Vaults (0/5) D:13          Sewer (visited)
Ossuary (visited)          Bailey (visited)

Altars:
Ashenzari
Cheibriados
Dithmenos
Elyvilon
Fedhas
Gozag
Hepliaklqana
Makhleb
Nemelex Xobeh
Okawaru
Qazlal
Ru
Sif Muna
Trog
Uskayaw
Vehumet
Wu Jian
Xom
Yredelemnul

Shops:
D:8 [

Portals:
Trove: D:13 (give +7 demon blade)

Annotations:
D:12 3 runed translucent doors, qipq's ghost, journeyman OpFi


Innate Abilities, Weirdness & Mutations

You have very sharp fingernails.
You have a pair of horns on your head.
You have razor-sharp toenails.
Your flesh is cold resistant. (rC+)
A meltable icy envelope protects you from harm. (AC +0)
You are immune to freezing clouds.


Message History

The yaktaur hits you!
* * * LOW HITPOINT WARNING * * *
Unknown command.
Unknown command.
Unknown command.
Unknown command.
As you read the scroll of teleportation, it crumbles to dust.
You feel strangely unstable.
You are engulfed in blazing flames.
* * * LOW HITPOINT WARNING * * *
x2 You feel sick.
The yaktaur changes into a fire crab!
* * * LOW HITPOINT WARNING * * *
You feel sick.
You see here a shapeshifter corpse.
Unknown command.
Unknown command.
Unknown command.
You feel much better.
You feel sick. The fire crab bites you!
* * * LOW HITPOINT WARNING * * *
You are engulfed in flames!
You die...

#### # ...# ###
##.##### ###..
#####......# ###....
#.(........###...###
...
#......†...#...####.
.=..#..t...#.#...###
#(.
.......@..∩#....##
#..
.........###.#.## ..
...............# .
.........#.#.#.# ..
...............# ..
#####......##### ..
##.##### .. ... ..
...# .


You could see a fire crab shaped shifter.

Vanquished Creatures
  Harold (D:7)
  3 boulder beetles
  A catoblepas (D:11)
  2 centaur warriors
  3 two-headed ogres
  A fire crab (shapeshifter) (D:13)
  An unseen horror (D:13)
  A harpy (shapeshifter) (D:13)
  A wizard (D:9)
  3 ugly things
  Pikel (D:8)
  An orc knight (Bailey)
  2 cyclopes
  2 manticores
  Psyche (D:8)
  Joseph (D:9)
  2 gargoyles (D:10)
  A komodo dragon (D:10)
  2 trolls (D:12)
  A hornet (D:8)
  Sigmund (D:3)
  A vampire (D:12)
  A water elemental (D:12)
  A shadow (D:11)
  2 wyverns
  19 yaks
  Menkaure (D:6)
  A water moccasin (D:7)
  3 sky beasts
  9 orc warriors
  2 ice beasts
  3 black bears
  A phantom (D:10)
  A meliai simulacrum (D:13)
  2 necrophages
  6 ogres
  13 centaurs
  2 lemures (D:8)
  4 big kobolds
  5 bullfrogs
  15 scorpions
  8 killer bees
  13 wights
  2 electric eels (D:12)
  A crimson imp (D:9)
  A quasit (D:10)
  2 centaur zombies
  4 jellies
  10 orc priests
  5 hounds
  Crazy Yiuf (D:6)
  A bullfrog skeleton (D:7)
  2 centaur skeletons
  4 human zombies (Ossuary)
  6 iguanas
  Terence (D:3)
  13 orc wizards
  8 worker ants
  2 killer bee zombies (D:10)
  A big kobold zombie (Ossuary)
  A hound skeleton (D:6)
  3 mummies (Ossuary)
  16 gnolls
  5 scorpion zombies (Ossuary)
  20 adders
  4 river rats (Sewer)
  2 shadow imps
  3 white imps
  3 ufetubi
  2 oozes
  3 adder skeletons
  5 worms
  5 leopard geckos
  40 orcs
  12 giant cockroaches
  10 goblins
  9 hobgoblins
  12 jackals
  45 kobolds
  4 quokkas
  8 ball pythons
  5 bats
  4 frilled lizards
  A goblin zombie (Ossuary)
  2 hobgoblin zombies (Ossuary)
  3 kobold zombies
  A leopard gecko skeleton (D:4)
  4 orc zombies (Ossuary)
  25 rats
466 creatures vanquished.

Vanquished Creatures (others)
  A fungus (D:6)
  36 plants
37 creatures vanquished.

Grand Total: 503 creatures vanquished

Notes
Turn   | Place    | Note
-------+----------+-------------------------------------------
     0 | D:1      | Morbidden the Demonspawn Conjurer began the quest for the
                  | Orb.
     0 | D:1      | Reached XP level 1. HP: 13/13 MP: 3/3
   341 | D:1      | Gained mutation: You have sharp toenails. [demonic
                  | ancestry]
   341 | D:1      | Reached XP level 2. HP: 19/19 MP: 0/5
  1261 | D:2      | Gained mutation: Your flesh is cold resistant. (rC+)
                  | [demonic ancestry]
  1261 | D:2      | Reached XP level 3. HP: 2/25 MP: 2/6
  1633 | D:2      | Learned a level 2 spell: Searing Ray
  1707 | D:2      | Reached skill level 1 in Fighting
  1910 | D:2      | Gained mutation: You have a pair of small horns on your
                  | head. [demonic ancestry]
  1910 | D:2      | Reached XP level 4. HP: 32/32 MP: 2/7
  2746 | D:3      | Reached skill level 5 in Conjurations
  2825 | D:3      | Gained mutation: You have sharp fingernails. [demonic
                  | ancestry]
  2825 | D:3      | Reached XP level 5. HP: 26/38 MP: 3/9
  3038 | D:3      | Found a glowing drain.
  3091 | Sewer    | Entered a sewer
  3621 | Sewer    | Reached skill level 1 in Unarmed Combat
  3938 | Sewer    | Reached XP level 6. HP: 44/44 MP: 1/10
  3943 | Sewer    | Learned a level 4 spell: Iskenderun's Mystic Blast
  4976 | D:3      | Noticed Terence
  4983 | D:3      | Killed Terence
  5005 | D:3      | Noticed Sigmund
  5009 | D:3      | Killed Sigmund
  5010 | D:3      | Gained mutation: You have very sharp fingernails. [demonic
                  | ancestry]
  5010 | D:3      | Reached XP level 7. HP: 51/51 MP: 5/13
  5603 | D:4      | Reached skill level 6 in Conjurations
  5626 | D:4      | Found a sand-covered staircase.
  5640 | Ossuary  | Entered an ossuary
  6450 | Ossuary  | Gained mutation: You have razor-sharp toenails. [demonic
                  | ancestry]
  6450 | Ossuary  | Reached XP level 8. HP: 50/58 MP: 0/15
  6904 | Ossuary  | Reached skill level 7 in Conjurations
  6982 | Ossuary  | Reached skill level 5 in Spellcasting
  8543 | D:5      | Entered Level 5 of the Dungeon
  8551 | D:5      | Found a shimmering altar of Xom.
  8724 | D:5      | Gained mutation: You are immune to freezing clouds.
                  | [demonic ancestry]
  8724 | D:5      | Reached XP level 9. HP: 65/65 MP: 11/17
  9586 | D:5      | Reached skill level 8 in Conjurations
 10001 | D:6      | Found a staircase to the Ecumenical Temple.
 10031 | Temple   | Entered the Ecumenical Temple
 10243 | Temple   | Became a worshipper of Vehumet
 10742 | D:6      | Identified the +2 quarterstaff "Mawenut" {vorpal, rPois WL+
                  | Int-4}
 11059 | D:6      | Noticed Menkaure
 11065 | D:6      | Killed Menkaure
 11102 | D:6      | Found a runed translucent door.
 11103 | D:6      | Noticed Crazy Yiuf
 11108 | D:6      | Killed Crazy Yiuf
 11363 | D:7      | Reached skill level 5 in Fighting
 11628 | D:7      | Reached * piety under Vehumet
 11628 | D:7      | Offered knowledge of Foxfire by Vehumet.
 11699 | D:7      | Got a faintly humming leather armour
 11700 | D:7      | Identified the +1 leather armour "Hiquv" {WL+ Dex+3 SInv}
                  | (You found it on level 7 of the Dungeon)
 12116 | D:7      | Noticed Harold
 12131 | D:7      | Killed Harold
 12132 | D:7      | Reached skill level 5 in Dodging
 12132 | D:7      | Gained mutation: A meltable icy envelope protects you from
                  | harm. (AC +0) [demonic ancestry]
 12132 | D:7      | Reached XP level 10. HP: 65/74 MP: 13/21
 12480 | D:8      | Noticed a two-headed ogre
 12488 | D:8      | Reached skill level 9 in Conjurations
 12490 | D:8      | Killed a two-headed ogre
 12659 | D:8      | Noticed Pikel
 12935 | D:8      | Killed Pikel
 13001 | D:8      | Found Edua's Armour Boutique.
 13425 | D:8      | Reached skill level 1 in Translocations
 13465 | D:8      | Noticed Psyche
 13480 | D:8      | Killed Psyche
 14089 | D:9      | Reached skill level 5 in Unarmed Combat
 14124 | D:9      | Learned a level 6 spell: Iron Shot
 14215 | D:9      | Found a flagged portal.
 14223 | Bailey   | Entered a bailey
 14236 | Bailey   | Reached ** piety under Vehumet
 14236 | Bailey   | Offered knowledge of Shock by Vehumet.
 14239 | Bailey   | Noticed an orc knight
 14258 | Bailey   | Killed an orc knight
 14259 | Bailey   | Gained mutation: You have a pair of horns on your head.
                  | [demonic ancestry]
 14259 | Bailey   | Reached XP level 11. HP: 68/81 MP: 22/23
 14554 | D:9      | Offered knowledge of Inner Flame by Vehumet.
 14674 | D:9      | Found a snail-covered altar of Cheibriados.
 14934 | D:9      | Noticed Joseph
 14949 | D:9      | Killed Joseph
 14950 | D:9      | Reached skill level 1 in Earth Magic
 15142 | D:9      | Noticed a wizard
 15158 | D:9      | Killed a wizard
 15159 | D:9      | Reached skill level 10 in Conjurations
 15727 | D:10     | Entered Level 10 of the Dungeon
 16010 | D:10     | Reached *** piety under Vehumet
 16162 | D:11     | Offered knowledge of Conjure Flame by Vehumet.
 16778 | D:10     | Found a staircase to the Orcish Mines.
 17272 | D:10     | Found a staircase to the Lair.
 17978 | D:11     | Noticed a catoblepas
 18205 | D:11     | Reached **** piety under Vehumet
 18375 | D:11     | Killed a catoblepas
 18738 | D:11     | Noticed a brown ugly thing
 18756 | D:11     | Killed a brown ugly thing
 18756 | D:11     | Offered knowledge of Sticky Flame by Vehumet.
 18763 | D:11     | Learned a level 4 spell: Sticky Flame
 19569 | D:12     | Reached XP level 12. HP: 89/89 MP: 23/25
 19647 | D:12     | Noticed a boulder beetle
 19994 | D:12     | Noticed a boulder beetle
 20105 | D:12     | Killed a boulder beetle
 20106 | D:12     | Reached skill level 10 in Spellcasting
 20459 | D:12     | Found an opulent altar of Gozag.
 20479 | D:12     | Reached skill level 1 in Throwing
 20739 | D:12     | Noticed a centaur warrior
 20753 | D:12     | Killed a centaur warrior
 20837 | D:12     | Reached skill level 11 in Conjurations
 21057 | D:12     | Found a runed translucent gate.
 21057 | D:12     | Found a runed translucent gate.
 21057 | D:12     | Found a runed translucent gate.
 21171 | D:12     | Noticed qipq's ghost (journeyman OpFi)
 21296 | D:12     | Killed a boulder beetle
 22216 | D:13     | Noticed a two-headed ogre
 22220 | D:13     | Killed a two-headed ogre
 22221 | D:13     | Reached skill level 1 in Evocations
 22229 | D:13     | Noticed a boulder beetle
 22233 | D:13     | Killed a boulder beetle
 22376 | D:13     | Noticed a centaur warrior
 22379 | D:13     | Killed a centaur warrior
 22727 | D:13     | Found a portal to a secret trove of treasure.
 22742 | D:13     | Noticed a two-headed ogre
 22747 | D:13     | Killed a two-headed ogre
 23378 | D:13     | Found a gate to the Vaults.
 23410 | D:13     | HP: 3/92 [poisoned by a queen bee]
 23411 | D:13     | Slain by a fire crab (glowing shapeshifter)

Illustrated notes

Levels and vault maps discovered:
D:1:      lemuel_arrival_cross, layout_basic
D:2:      kennysheep_six_static_rooms, layout_basic, grunt_decor_cap
D:3:      layout_basic, gup_sewer_entry_glass, uniq_terence, uniq_sigmund
D:4:      layout_cave_pools, enter_ossuary_3
D:5:      layout_cave_pods, basic_altar, minmay_misc_feat_hallway
D:6:      layout_rooms, minmay_temple_entry_overgrown, grunt_ministairs_11,
          uniq_crazy_yiuf_cottage, uniq_menkaure
D:7:      layout_basic, corexii_corridor_pit, uniq_harold
D:8:      layout_basic, serial_shops, shop_fountains, uniq_psyche, uniq_pikel
D:9:      layout_roguey, lemuel_coloured_pillars_altar, enter_bailey_3,
          lightli_wizard_tower, uniq_joseph
D:10:     layout_small_grid, david_lair_shrubbed, david_orc_4,
          kennysheep_generic_room_3
D:11:     minmay_evil_eye, layout_long_grid, minivault_11
D:12:     layout_basic, gammafunk_ghost_spectres, kennysheep_diamond
D:13:     layout_cave_pods, david_vaults_2, nicolae_trove_entry_diagonal,
          minivault_20
Temple:   roderic_octagonal_lattice_temple

Skill      XL: |  1  2  3  4  5  6  7  8  9 10 11 12 |
---------------+-------------------------------------+-----
Dodging        | 2 3 5 7 |  7.7
Fighting       | 1 2 3 4 5 6 7 |  7.9
Conjurations   | 5 6 7 8 9 10 11 | 11.6
Stealth        | 2 3 4 |  4.6
Spellcasting   | 3 4 5 7 8 9 10 | 10.5
Unarmed Combat | 1 2 3 4 5 6 |  6.3
Translocations | 2 3 |  3.9
Earth Magic    | 2 4 |  4.4
Throwing       | 1 |  1.3
Evocations     | 1 |  1.1

Action                   |  1- 3 |  4- 6 |  7- 9 | 10-12 || total
-------------------------+-------+-------+-------+-------++-------
Melee: Unarmed           |    58 |    43 |    94 |   236 ||   431
       Kick              |     9 |     7 |    31 |    70 ||   117
       Headbutt          |       |     4 |    16 |    44 ||    64
       Punch             |       |       |     1 |     3 ||     4
Throw: Dart              |     1 |     8 |     2 |     4 ||    15
 Cast: Magic Dart        |    57 |   105 |   167 |    25 ||   354
       Searing Ray       |     2 |    17 |    79 |    45 ||   143
       Iskenderun's Myst |       |       |     9 |   184 ||   193
       Sticky Flame      |       |       |       |     1 ||     1
       Iron Shot         |       |       |       |    28 ||    28
Evoke: Wand              |       |       |       |    15 ||    15
       Phantom mirror    |       |       |       |     1 ||     1
  Use: Potion            |     1 |       |     1 |     4 ||     6
       Scroll            |       |     3 |    13 |    12 ||    28
 Stab: Sleeping          |       |       |     1 |     3 ||     4
       Paralysed         |       |       |       |    16 ||    16
Armor: Robe              |    18 |     9 |    33 |   149 ||   209
Dodge: Dodged            |    64 |    54 |   108 |   292 ||   518

Table legend: (Time is in decaauts)
 A = Elapsed time spent in this place.
 B = Non-inter-level travel time spent in this place.
 C = Inter-level travel time spent in this place.
 D = Time resting spent in this place.
 E = Time spent auto-exploring this place.
 F = Levels seen in this place.
 G = Mean time per level.
                   A        B        C        D        E       F      G
               +--------+--------+--------+--------+--------+-----+--------+
         Total |  23412 |  22974 |    438 |   5334 |  14005 |  17 | 1377.2 |
       Dungeon |  18876 |  18474 |    402 |   3482 |  12065 |  13 | 1452.0 |
        Temple |    464 |    428 |     36 |    233 |    190 |   1 |  464.0 |
         Sewer |   1786 |   1786 |      0 |    283 |   1263 |   1 | 1786.0 |
       Ossuary |   2025 |   2025 |      0 |   1283 |    427 |   1 | 2025.0 |
        Bailey |    259 |    259 |      0 |     53 |     59 |   1 |  259.0 |
               +--------+--------+--------+--------+--------+-----+--------+

Top non-repeatable levels by time:
    D:12: 2644 daAuts
 Ossuary: 2025 daAuts
    D:10: 1917 daAuts
    D:11: 1910 daAuts
   Sewer: 1786 daAuts
     D:2: 1646 daAuts
     D:9: 1562 daAuts
     D:7: 1499 daAuts
    D:13: 1190 daAuts
     D:5: 1175 daAuts
     D:6: 1165 daAuts
     D:3: 1097 daAuts
     D:8: 1054 daAuts
     D:1: 1043 daAuts
     D:4: 968 daAuts
